 Dungeon Crawl Stone Soup version 0.24-a0-416-g56ce5178b7 (webtiles) character file.

Game seed: 16281023400801793918

6 Defined the Conjurer (level 1, 0/11 HPs)
             Began as a Gargoyle Conjurer on June 8, 2019.
             Slain by a hobgoblin
             ... wielding a +0 club
              (5 damage)
             ... on level 1 of the Dungeon.
             The game lasted 00:00:35 (71 turns).

Defined the Conjurer (Gargoyle Conjurer)              Turns: 71, Time: 00:00:36

Health: 0/11       AC:  4    Str: 11    XL:     1   Next: 90%
Magic:  0/3        EV: 12    Int: 15    God:
Gold:   15         SH:  0    Dex: 10    Spells: 3/4 levels left

rFire    . . .     SeeInvis .   (no weapon)
rCold    . . .     Gourm    .   (no shield)
rNeg     + . .     Faith    .   a - +0 robe
rPois    ∞         Spirit   .   (no helmet)
rElec    +         Reflect  .   (no cloak)
rCorr    .         Harm     .   (no gloves)
MR       .....                  (no boots)
Stlth    ++........             (no amulet)
HPRegen  0.03/turn              (no ring)
MPRegen  0.08/turn              (no ring)

@: no status effects
A: negative energy resistance 1, electricity resistance, unbreathing,
petrification resistance, rot immunity, AC +2
a: no special abilities


You were on level 1 of the Dungeon.
You were not hungry.

You visited 1 branch of the dungeon, and saw 1 of its levels.

You collected 15 gold pieces.

Inventory:

Armour
 a - a +0 robe (worn)
Comestibles
 b - 2 chunks of flesh
 c - a ration


   Skills:
 * Level 0.8 Fighting
 + Level 1.6 Dodging
 - Level 2.1 Stealth
 + Level 2.1 Spellcasting
 + Level 4.4 Conjurations


You had 3 spell levels left.
You knew the following spells:

 Your Spells              Type           Power        Failure   Level  Hunger
a - Magic Dart            Conj           ##..         3%          1    #......

Your spell library contained the following spells:

 Spells                   Type           Power        Failure   Level  Hunger
 Searing Ray              Conj           ##....       5%          2    ###....
 Dazzling Spray           Conj/Hex       #.....       26%         3    ###....
 Iskenderun's Mystic Bla  Conj           ##......     34%         4    #####..
 Force Lance              Conj/Tloc      #.......     65%         4    #####..
 Fulminant Prism          Conj/Hex       #.........   65%         4    #####..


Dungeon Overview and Level Annotations

Branches:
Dungeon (1/15)

Altars:


Innate Abilities, Weirdness & Mutations

You are resistant to torment.
Your stone body is resilient. (AC +2)
You are immune to poison.
You resist negative energy. (rN+)
You are resistant to electric shocks. (rElec)
You can survive without breathing.
You are immune to petrification.
You are immune to rotting.


Message History

Confirm with . or Enter, or press ? or * to list all spells.
Aiming: Magic Dart (safe; 3% risk of failure)
Press: ? - help, Shift-Dir - straight line, f - frilled lizard
Aim: a frilled lizard The magic dart hits the frilled lizard.
You kill the frilled lizard!
The kobold throws a stone.
The stone hits you but does no damage.
You barely miss the hobgoblin. The hobgoblin closely misses you.
You hit the hobgoblin.
The hobgoblin is moderately wounded.
The hobgoblin hits you with a +0 club.
You barely miss the hobgoblin.
The hobgoblin is moderately wounded.
The hobgoblin hits you but does no damage.
You hit the hobgoblin but do no damage.
The hobgoblin is moderately wounded.
You hit the hobgoblin but do no damage.
The hobgoblin is moderately wounded.
The hobgoblin hits you with a +0 club.
You die...

###........
#(().......
#..######.#####
#..#≈≈≈≈♣≈♣≈≈≈#
##.K#≈..P...P.≈#
#..÷#≈.PPP.PPP≈#
#...#≈..P...P.≈# .
#...#♣♣.......♣#...
#..Kg@....<...≈....
##..#♣♣.......♣#..(
##.#≈..♣...P)≈# .
#÷#≈.♣♣♣.PPP≈#
#.#≈. ...P.≈#
#....#≈≈ ≈♣≈♣≈≈≈#
#....######.#####
#..... ..# #.....
.##


You could see a hobgoblin and a kobold.

Vanquished Creatures
  A hobgoblin (D:1)
  A kobold (D:1)
  2 frilled lizards (D:1)
  3 rats (D:1)
7 creatures vanquished.

Notes
Turn   | Place    | Note
-------+----------+-------------------------------------------
     0 | D:1      | Defined the Gargoyle Conjurer began the quest for the Orb.
     0 | D:1      | Reached XP level 1. HP: 10/10 MP: 3/3
    71 | D:1      | Slain by a hobgoblin

Levels and vault maps discovered:
D:1:      ldierk_walled_garden, layout_rooms, minmay_box_of_dots

Action                   || total
-------------------------++-------
Melee: Unarmed           ||    16
 Cast: Magic Dart        ||     7
Armor: Robe              ||     5
Dodge: Dodged            ||     7

Table legend:
 A = Non-vault XP
 B = Vault XP
 C = Vault XP percentage of total XP
 D = Non-vault monster count
 E = Vault monster count
 F = Vault count percentage of total count
                 A         B        C        D         E       F
            +---------+---------+-------+---------+---------+-------
      Total |       9 |       0 |   0.0 |       7 |       0 |   0.0
            +---------+---------+-------+---------+---------+-------
        D:1 |       9 |       0 |   0.0 |       7 |       0 |   0.0
            +---------+---------+-------+---------+---------+-------
